 Dungeon Crawl Stone Soup version 0.28.0-45-g0d030f2227 (webtiles) character file.

Game seed: 7987612370499360544

108 bobregger the Skirmisher (level 4, 0/73 HPs)
             Began as an Ogre Berserker on Apr 18, 2022.
             Was a Believer of Trog.
             Succumbed to an orc priest's poison
             ... on level 4 of the Dungeon.
             The game lasted 00:02:25 (3192 turns).

bobregger the Skirmisher (Ogre Berserker)           Turns: 3192, Time: 00:02:25

Health: 0/73       AC:  3    Str: 21    XL:     4   Next: 87%
Magic:  4/4        EV: 10    Int:  8    God:    Trog [**....]
Gold:   89         SH:  0    Dex: 10    Spells: 3/3 levels left

rFire   . . .      SeeInvis .   m - +0 great mace
rCold   . . .      Faith    .   (shield currently unavailable)
rNeg    . . .      Spirit   .   b - +0 animal skin
rPois   .          Reflect  .   (helmet restricted)
rElec   .          Harm     .   (no cloak)
rCorr   .          Rampage  .   (gloves unavailable)
Will    .....                   (boots unavailable)
Stlth   ..........              (no amulet)
HPRegen 0.22/turn               (no ring)
MPRegen 0.09/turn               (no ring)

@: berserking, lethally poisoned (0 -> -25), very quick
A: large, unfitting armour, tough skin 1
a: Renounce Religion, Berserk, Trog's Hand


You were on level 4 of the Dungeon.
You worshipped Trog.
Trog was pleased with you.
You visited 1 branch of the dungeon, and saw 4 of its levels.

You collected 89 gold pieces.

Inventory:

Hand Weapons
 m - a +0 great mace (weapon)
Armour
 b - a +0 animal skin (worn)
Jewellery
 f - a ring of fire
Scrolls
 c - 3 scrolls of identify {unknown}
 h - 3 scrolls of teleportation {unknown}
Potions
 d - 2 potions of degeneration {unknown}
 e - a potion of flight {unknown}
 g - a potion of attraction {unknown}
 i - 3 potions of curing {unknown}
 j - a potion of magic {unknown}
 k - a potion of mutation {unknown}
 l - a potion of cancellation {unknown}


   Skills:
 + Level 4.9 Fighting
 + Level 3.3 Maces & Flails
 * Level 4.0 Dodging


You had 3 spell levels left.
You didn't know any spells.
Your spell library was empty.

Dungeon Overview and Level Annotations

Branches:
Dungeon (4/15)
 Temple: D:4-7

Altars:
Vehumet


Innate Abilities, Weirdness & Mutations

You are too large for most types of armour.
You have tough skin. (AC +1)


Message History

An orc priest comes into view. It is wielding a +2 trident of venom.
The orc priest shouts!
You hear a shout!
The orc priest mumbles some strange prayers to Beogh against you.
Beogh smites you! The orc hits you with a +0 hand axe!
You hear a shout!
A red film seems to cover your vision as you go berserk!
You feel yourself moving faster!
You feel mighty!
An orc comes into view. It is wielding a +0 dagger.
The orc hits you with a +0 hand axe.
You completely miss the orc. The orc priest closely misses you.
The orc misses you.
You closely miss the orc.
The orc priest hits you but does no damage.
You are poisoned.
The orc hits you but does no damage.
You closely miss the orc.
You feel sick.
The orc priest looks encouraged for a moment.
The orc misses you.
The orc priest hits you from afar with a +2 trident of venom!
You are more poisoned.
You sock the orc!
You kill the orc!
Trog accepts your kill.
You feel very sick.
The orc priest hits you from afar with a +2 trident of venom!
* * * LOW HITPOINT WARNING * * *
You are lethally poisoned!
* * * LOW HITPOINT WARNING * * *
You feel very sick.
Items here: ! $ ) [ †.
You barely miss the orc priest.
* * * LOW HITPOINT WARNING * * *
You feel very sick.
The orc priest hits you with a +2 trident of venom.
* * * LOW HITPOINT WARNING * * *
You are more poisoned.
The orc hits you but does no damage.
You sock the orc priest!
The orc priest is heavily wounded.
You die...

#.### ..... #...
##..# ... #.# #.#
#.#######.
#.@o......
..#####..o......
................
.####.......####
# #...#.##### .
#.#####.###.## >.
#.....)..)...# ..
#####..####.....#
... #.##
#........


You could see an orc priest and an orc.

Vanquished Creatures
  A hound (D:4)
  2 adders (D:2)
  A worm (D:3)
  3 dart slugs
  2 orcs
  4 ball pythons
  3 bats
  6 endoplasms
  A giant cockroach (D:3)
  4 goblins
  7 hobgoblins
  A quokka (D:3)
  2 frilled lizards (D:2)
  5 kobolds
  3 rats
45 creatures vanquished.

Vanquished Creatures (others)
  4 plants (D:4)
4 creatures vanquished.

Grand Total: 49 creatures vanquished

Notes
Turn   | Place    | Note
-------+----------+-------------------------------------------
     0 | D:1      | bobregger the Ogre Berserker began the quest for the Orb.
     0 | D:1      | Reached XP level 1. HP: 24/24 MP: 1/1
    20 | D:1      | Found a faded altar of an unknown god.
   323 | D:1      | Reached XP level 2. HP: 32/32 MP: 2/2
  1478 | D:2      | Reached XP level 3. HP: 40/40 MP: 3/3
  1848 | D:2      | Identified the +7 dagger of Royalism {vorpal, rN+}
  2084 | D:2      | Reached ** piety under Trog
  2395 | D:3      | Reached XP level 4. HP: 47/49 MP: 4/4
  2455 | D:3      | Found a radiant altar of Vehumet.
  3192 | D:4      | Succumbed to an orc priest's poison

Illustrated notes

Levels and vault maps discovered:
D:1:      mrwooster_arrival_statue_2, layout_basic,
          ebering_ecumenical_altar_sacrificial
D:2:      layout_loops_corners
D:3:      layout_basic, mainiacjoe_overflow_small_starburst
D:4:      layout_rooms, nicolae_elyvilon_temple_path,
          gammafunk_temple_overflow_forgotten

Skill      XL: |  1  2  3  4 |
---------------+-------------+-----
Dodging        | 3 4 |  4.0
Maces & Flails | 3 |  3.3
Fighting       | |  4.9

Action                   |  1- 3 |  4- 6 || total
-------------------------+-------+-------++-------
Melee: Mace              |   114 |    41 ||   155
       Punch             |     3 |       ||     3
       Great mace        |       |     6 ||     6
Invok: Berserk           |       |     2 ||     2
Armor: Animal skin       |    37 |    26 ||    63
Dodge: Dodged            |    80 |    29 ||   109
